 Dungeon Crawl Stone Soup version 0.31-a0-217-g58bb5d79cf (webtiles) character file.

Game seed: 17532716649036376654

53 qw the Shooter (level 3, -1/21 HPs)
             Began as a Gargoyle Hexslinger on July 2, 2023.
             Killed from afar by an orc wizard (5 damage)
             ... with a magic dart
             ... on level 3 of the Dungeon.
             The game lasted 00:00:35 (1760 turns).

qw the Shooter (Gargoyle Hexslinger)                Turns: 1760, Time: 00:00:36

Health: -1/21      AC:  9    Str: 11    XL:     3   Next: 89%
Magic:  4/4        EV: 10    Int: 13    God:
Gold:   122        SH:  0    Dex: 14    Spells: 3/4 levels left

rFire   . . .        Y - +1 sling
rCold   . . .        (no shield)
rNeg    + . .        a - +0 ring mail
rPois   inf          (no helmet)
rElec   +            l - +0 cloak
rCorr   .            (no gloves)
SInv    .            (no boots)
Will    .....        (no amulet)
Stlth   +            (no ring)
HPRegen 0.23/turn    (no ring)
MPRegen 0.09/turn

%: no passive effects
@: no status effects
A: sickness immunity, AC +3, negative energy resistance 1, electricity
resistance, torment resistance 1, petrification resistance
a: no special abilities


You were on level 3 of the Dungeon.
You visited 1 branch of the dungeon, and saw 3 of its levels.

You collected 122 gold pieces.


Innate Abilities, Weirdness & Mutations

You are immune to sickness and miasma.
Your stone body is resilient. (AC +3)
You are immune to poison.
You resist negative energy. (rN+)
You are resistant to electric shocks. (rElec)
You are resistant to unholy torment.
You are immune to petrification.


   Skills:
 - Level 2.0 Fighting
 - Level 3.6 Ranged Weapons
 + Level 0.3 Armour
 - Level 1.5 Dodging
 - Level 1.0 Spellcasting
 - Level 2.6 Hexes


You had 3 spell levels left.
You knew the following spells:

 Your Spells              Type           Power      Damage    Failure   Level
a - Slow                  Hex            28%        N/A       22%         1

Your spell library contained the following spells:

 Spells                   Type           Power      Damage    Failure   Level
 Inner Flame              Hex/Fire       4%         N/A       75%         3
 Portal Projectile        Hex/Tloc       8%         N/A       75%         3
 Cause Fear               Hex            3%         N/A       92%         4

Inventory:

Hand Weapons
 Y - a +1 sling (weapon)
Armour
 a - a +0 ring mail (worn)
 l - a +0 cloak (worn)
Scrolls
 c - a scroll of identify
Potions
 d - a potion of heal wounds
 e - a potion of might
 f - 2 potions of curing
 i - a potion of lignification {unknown}

Dungeon Overview and Level Annotations

Branches:
Dungeon (3/15)

Altars:
Kikubaaqudgha

Shops:
D:3 =

Annotations:
D:2 1 runed translucent door, Crazy Yiuf


Message History

You shoot a sling bullet.
The sling bullet closely misses the orc wizard.
The orc wizard gestures at you while chanting.
The puff of flame hits you.
You shoot a sling bullet.
The sling bullet closely misses the orc wizard.
The orc wizard hits you but does no damage.
The orc wizard casts a spell.
The orc wizard flickers and vanishes!
Deactivating autopickup; reactivate with Ctrl-A.
You shoot a sling bullet. Something completely misses you.
You shoot a sling bullet. The sling bullet barely misses the orc.
You hear some strange, mumbled words.
A puff of flame appears from out of thin air!
The puff of flame hits you but does no damage.
The orc misses you.
You shoot a sling bullet. The sling bullet hits the orc.
The orc is severely wounded.
Something hits you but does no damage. The orc hits you but does no damage. x2
Something hits you but does no damage.
You shoot a sling bullet. The sling bullet hits the orc!
You kill the orc!
Something hits you but does no damage.
You shoot a sling bullet. Something hits you but does no damage.
You shoot a sling bullet. Something hits you but does no damage.
Something hits you.
You shoot a sling bullet. Something hits you but does no damage.
You shoot a sling bullet.
You hear some strange, mumbled words.
A puff of flame appears from out of thin air!
The puff of flame hits you!
You shoot a sling bullet. Something hits you but does no damage.
You hear some strange, mumbled words.
A magic dart appears from out of thin air!
The magic dart hits you.
You die...

..+ ..# ...# ##..
######+#... P...#
......... ....#
###)#{#.# .#o ....#
#...@#.#..oo. ....#
###.#.\.# #....
#....#.#...#
..P.#########.#.#.#.#
.#
..P......)............
.P..##########....###..
......#..#...+....+
....
..##..#..#.###....# ...
............##....# ..


There were no monsters in sight!

Vanquished Creatures
  An adder (D:2)
  A worm (D:2)
  A dart slug (D:2)
  An orc (D:3)
  5 ball pythons
  5 endoplasms (D:2)
  2 giant cockroaches (D:2)
  4 goblins
  A hobgoblin (D:1)
  5 kobolds
  2 quokkas (D:1)
  3 bats
  2 frilled lizards (D:2)
  2 rats
35 creatures vanquished.

Notes
Turn   | Place    | Note
-------+----------+-------------------------------------------
     0 | D:1      | qw the Gargoyle Hexslinger began the quest for the Orb.
     0 | D:1      | Reached XP level 1. HP: 12/12 MP: 2/2
     0 | D:1      | 0 ||| qw: Version: 0.3-a-40-ge99b1a8
     0 | D:1      | 0 ||| qw: Game counter: 7986
     0 | D:1      | 0 ||| qw: Melee chars always use a shield: true
     0 | D:1      | 0 ||| qw: God list: Okawaru
     0 | D:1      | 0 ||| qw: Allow faded altars: false
     0 | D:1      | 0 ||| qw: Do Orc after clearing Dungeon:15 true
     0 | D:1      | 0 ||| qw: Do second Lair branch before Depths: true
     0 | D:1      | 0 ||| qw: Lair rune preference: random
     0 | D:1      | 0 ||| qw: Goals: Normal
     0 | D:1      | 0 ||| PLANNING D:1-11
    82 | D:1      | Reached XP level 2. HP: 16/16 MP: 3/3
   634 | D:1      | 634 ||| UPGRADING to +0 leather armour.
   644 | D:1      | 644 ||| DROPPING +0 robe.
   645 | D:1      | 645 ||| UPGRADING to +0 cloak.
   650 | D:1      | 650 ||| DROPPING ring of magical power.
   651 | D:1      | 651 ||| READING scroll labelled CIANET NADATH.
   652 | D:1      | 652 ||| READING scroll labelled TOMAEXUOKAF.
   753 | D:1      | 753 ||| READING scroll labelled JAUREO NIPOFIS.
   754 | D:1      | 754 ||| READING scroll labelled WAAZEL COFYRPHI.
   755 | D:1      | 755 ||| DRINKING 3 emerald potions.
   756 | D:1      | 756 ||| DROPPING scroll of poison.
   776 | D:2      | Reached skill level 3 in Ranged Weapons
   897 | D:2      | Reached XP level 3. HP: 16/21 MP: 4/4
  1512 | D:2      | Found a runed translucent door.
  1513 | D:2      | Noticed Crazy Yiuf
  1683 | D:2      | 1683 ||| UPGRADING to +0 ring mail.
  1693 | D:2      | 1693 ||| DROPPING +0 leather armour.
  1694 | D:2      | 1694 ||| READING scroll labelled CUABRO XUSY.
  1695 | D:2      | 1695 ||| READING 3 scrolls of identify.
  1695 | D:2      | 1695 ||| IDENTIFYING fuming red potion
  1696 | D:2      | 1696 ||| READING 2 scrolls of identify.
  1696 | D:2      | 1696 ||| IDENTIFYING puce potion
  1723 | D:3      | Found an ancient bone altar of Kikubaaqudgha.
  1737 | D:3      | Found Riramp's Jewellery Shoppe.
  1745 | D:3      | 1745 ||| Stepping ~*~*~tactically~*~*~ (outnumbered).
  1759 | D:3      | HP: 4/21 [something/puff of flame (9)]
  1760 | D:3      | Killed from afar by an orc wizard

Levels and vault maps discovered:
D:1:      saegor_arrival_under_anarchy, layout_basic
D:2:      layout_basic, minmay_pentomino_pile, uniq_crazy_yiuf_cottage
D:3:      layout_basic, kiku_gazebo_garden_becter, serial_shops,
          nicolae_shop_gaudy_bauble, kennysheep_pointless_box

Skill      XL: |  1  2  3 |
---------------+----------+-----
Ranged Weapons | 3 |  3.6
Fighting       | 2 |  2.0
Armour         | |  0.3
Dodging        | |  1.5
Spellcasting   | |  1.0
Hexes          | |  2.6

Action                     || total
---------------------------++-------
   Fire: Sling             ||   121
    Use: Scroll            ||     7
         Potion            ||     1
 Armour: Robe              ||     3
         Leather armour    ||     9
         Ring mail         ||    12
  Dodge: Dodged            ||    30

Table legend:
 A = Non-vault XP
 B = Vault XP
 C = Vault XP percentage of total XP
 D = Non-vault monster count
 E = Vault monster count
 F = Vault count percentage of total count
                 A         B        C        D         E       F
            +---------+---------+-------+---------+---------+-------
      Total |      63 |      14 |  18.2 |      29 |       6 |  17.1
            +---------+---------+-------+---------+---------+-------
        D:1 |      18 |       0 |   0.0 |      10 |       0 |   0.0
        D:2 |      41 |      14 |  25.5 |      17 |       6 |  26.1
        D:3 |       4 |       0 |   0.0 |       2 |       0 |   0.0
            +---------+---------+-------+---------+---------+-------
